 Dungeon Crawl Stone Soup version 0.17-b1-15-g0f5fb43 (webtiles) character file.

2741 Eucla the Grappler (level 9, -2/88 HPs)
             Began as a Troll Monk on Nov 7, 2015.
             Was a Believer of Qazlal.
             Slain by a killer bee (4 damage)
             ... on level 8 of the Dungeon.
             The game lasted 00:10:22 (6439 turns).

Eucla the Grappler (Troll Monk)                     Turns: 6439, Time: 00:10:22

Health: -2/88      AC:  6    Str: 21    XL:     9   Next: 40%
Magic:  11/11      EV: 12    Int: 11    God:    Qazlal [**....]
Gold:   271        SH:  3    Dex: 15    Spells: 0 memorised, 8 levels left

rFire  . . .     SeeInvis .       - Unarmed
rCold  . . .     Clarity  +     I - +0 robe (curse)
rNeg   . . .     SustAt   .     (no shield)
rPois  +         Gourm    +     (helmet restricted)
rElec  .         Spirit   .     p - +0 cloak
rCorr  .         Warding  .     (gloves unavailable)
rMut   .         Stasis   .     (boots unavailable)
MR     .....                    K - amulet of clarity
Stlth  ++........               e - ring of poison resistance
                                j - ring of stealth

@: brilliant, lethally poisoned (-2 -> -3), not resistant to hostile
enchantments, unstealthy
A: unfitting armour, claws 3, fast metabolism 3, gourmand, regeneration 2,
shaggy fur 1, tough skin 2
a: Upheaval, Renounce Religion


You were on level 8 of the Dungeon.
You worshipped Qazlal.
Qazlal was pleased with you.
You were very full.

You visited 2 branches of the dungeon, and saw 9 of its levels.

You collected 380 gold pieces.
You spent 109 gold pieces at shops.

Inventory:

Armour
 a - a +0 robe
 i - a +0 robe of fire resistance
 p - a +0 cloak (worn)
 I - a cursed +0 robe (worn)
Jewellery
 d - an uncursed ring of flight
 e - a ring of poison resistance (right claw)
 j - a ring of stealth (left claw)
 K - an amulet of clarity (around neck)
Wands
 x - a wand of polymorph (15)
 z - a wand of disintegration (3)
 A - a wand of draining (6)
 B - a wand of paralysis (14)
 C - a wand of digging (2)
Scrolls
 g - 7 scrolls of remove curse {unknown}
 h - a scroll of fog {unknown}
 m - a scroll of immolation {unknown}
 n - 6 scrolls of magic mapping {unknown}
 o - 2 scrolls of amnesia {unknown}
 q - 3 scrolls of fear {unknown}
 r - 2 scrolls of blinking {unknown}
 s - 6 scrolls of identify {unknown}
 t - 2 scrolls of teleportation {unknown}
 u - a scroll of recharging {unknown}
 y - 2 scrolls of enchant armour {unknown}
 G - 2 scrolls of noise {unknown}
 H - a scroll of vulnerability {unknown}
Potions
 c - a potion of might
 f - 2 potions of invisibility
 E - a potion of lignification {unknown}
 F - a potion of mutation {unknown}
 J - a potion of ambrosia {unknown}
 L - a potion of haste {unknown}
 M - a potion of flight {unknown}
 N - a potion of heal wounds {unknown}
Comestibles
 b - 7 bread rations
 w - 2 meat rations
 D - a beef jerky


   Skills:
 + Level 5.2 Fighting
 + Level 5.4 Dodging
 - Level 1.1 Stealth
 * Level 9.4 Unarmed Combat
 * Level 5.0 Invocations


You had 8 spell levels left.
You didn't know any spells.

Dungeon Overview and Level Annotations

Branches:
Dungeon (8/15)             Temple (1/1) D:5
   Lair: D:8-11

Altars:
Ashenzari
Cheibriados
Dithmenos
Elyvilon
Fedhas
Gozag
Kikubaaqudgha
Makhleb
Nemelex Xobeh
Okawaru
Qazlal
Ru
Sif Muna
Trog
Vehumet
Xom
Yredelemnul
Zin
The Shining One

Shops:
D:4 [


Innate Abilities, Weirdness & Mutations

You are too large for most types of armour.
You have claws for hands.
Your metabolism is lightning-fast.
You like to eat raw meat.
You heal very quickly.
You are covered in fur (AC +1).
You have very tough skin (AC +2).


Message History

The killer bee is engulfed in roaring flames.
You kill the killer bee!
Qazlal accepts your kill.
The giant frog hits the plant.
The hound bites the plant but does no damage.
The giant frog hits the plant!
The killer bee is engulfed in freezing vapours.
The killer bee barely misses you.
The worker ant bites the plant.
The plant is poisoned.
The worker ant poisons the plant!
The killer bee stings you but does no damage.
The giant frog hits the plant but does no damage.
The orc wizard gestures wildly while chanting.
The orc wizard blinks!
The hound bites the plant but does no damage.
The giant frog hits the plant.
The killer bee is engulfed in roaring flames.
The killer bee barely misses you.
The killer bee is engulfed in freezing vapours.
The killer bee stings you.
You die...

...
#.............P.P.P...
......##....P..P.....
.............†...P...
..........P.P...P.r..
.........P†.†####P.PP
...........†# ..P
.......†..+
...##.yP.P####.
...##F§@PPP.P.P.


.o.yohPyyP.o.... .....(Fa...PPPP. yo.oy.o§...P.P.. ..y.............
........##..##.. ......... .....# ......... ..... ..!...... .... You could see 2
giant frogs, a hound, a worker ant, 7 killer bees, an orc priest, 3 orc wizards
and 2 orcs.

Vanquished Creatures
  2 yaks (D:8)
  2 hippogriffs
  Edmund (D:4)
  A sky beast (D:7)
  2 black bears
  4 centaurs
  2 ogres (D:7)
  A crocodile (D:8)
  2 giant frogs
  4 killer bees (D:8)
  2 scorpions (D:4)
  7 wights (D:7)
  2 orc wizards
  Crazy Yiuf (D:5)
  3 iguanas
  A gnoll shaman (D:4)
  A hound (D:6)
  A hound zombie (D:7)
  2 worker ant zombies
  9 adders
  12 gnolls
  A white imp (D:7)
  An adder skeleton (D:5)
  2 worms
  4 giant geckos
  24 orcs
  3 ball pythons
  12 bats
  7 giant cockroaches
  2 goblins (D:2)
  6 hobgoblins
  8 kobolds
  4 quokkas
  5 giant newts
  2 goblin skeletons (D:7)
  A hobgoblin zombie (D:7)
  3 jackals (D:8)
  A kobold zombie (D:7)
  An orc skeleton (D:7)
  An orc zombie (D:7)
  A quokka skeleton (D:4)
  16 rats
  A fungus (D:8)
  2 plants (D:8)
170 creatures vanquished.

Vanquished Creatures (others)
  A worker ant (D:4)
  5 sheep (D:4)
  A bush (D:7)
7 creatures vanquished.

Grand Total: 177 creatures vanquished

Notes
Turn   | Place    | Note
--------------------------------------------------------------
     0 | D:1      | Eucla the Troll Monk began the quest for the Orb.
     0 | D:1      | Reached XP level 1. HP: 22/22 MP: 0/0
   274 | D:1      | Reached XP level 2. HP: 23/29 MP: 1/1
   775 | D:2      | Reached XP level 3. HP: 33/36 MP: 2/2
   785 | D:2      | Found a bloodstained altar of Trog.
  1033 | D:2      | Found a shadowy altar of Dithmenos.
  1243 | D:2      | Found a sacrificial altar of Ru.
  1685 | D:3      | Found an iron altar of Okawaru.
  1744 | D:3      | Reached XP level 4. HP: 44/44 MP: 3/3
  1803 | D:3      | Found Zin's Purification Station.
  1806 | D:3      | Found a glowing silver altar of Zin.
  1809 | D:3      | Bought a potion of curing for 90 gold pieces
  2151 | D:3      | Found a faded altar to an unknown god.
  2275 | D:3      | Reached skill level 5 in Unarmed Combat
  2506 | D:4      | Reached XP level 5. HP: 25/53 MP: 4/4
  2634 | D:4      | Found Sinoezxikk's Antique Armour Shoppe.
  2654 | D:4      | Bought an embroidered robe for 19 gold pieces
  2699 | D:4      | Reached XP level 6. HP: 61/61 MP: 5/5
  2743 | D:4      | Reached skill level 6 in Unarmed Combat
  2847 | D:4      | Found a shimmering altar of Xom.
  2942 | D:4      | Noticed Edmund
  2962 | D:4      | Killed Edmund
  2964 | D:4      | Reached XP level 7. HP: 34/68 MP: 6/6
  3210 | D:5      | Entered Level 5 of the Dungeon
  3210 | D:5      | Found a staircase to the Ecumenical Temple.
  3212 | D:5      | Found a blossoming altar of Fedhas.
  3225 | Temple   | Entered the Ecumenical Temple
  3443 | D:5      | Found a basalt altar of Yredelemnul.
  3519 | D:5      | Found a white marble altar of Elyvilon.
  3742 | D:5      | Reached skill level 7 in Unarmed Combat
  3754 | D:5      | Found a glowing silver altar of Zin.
  3924 | D:5      | Noticed Crazy Yiuf
  3932 | D:5      | Killed Crazy Yiuf
  4005 | D:5      | Found a stormy altar of Qazlal.
  4137 | D:5      | Became a worshipper of Qazlal Stormbringer
  4137 | D:5      | Reached * piety under Qazlal
  4137 | D:5      | Reached ** piety under Qazlal
  4611 | D:6      | Reached skill level 1 in Invocations
  5224 | D:7      | Reached XP level 8. HP: 61/78 MP: 8/8
  5682 | D:7      | Reached skill level 8 in Unarmed Combat
  5869 | D:7      | Reached skill level 5 in Dodging
  6011 | D:7      | Found an opulent altar of Gozag.
  6053 | D:7      | Found a glowing golden altar of the Shining One.
  6159 | D:7      | Found a bloodstained altar of Trog.
  6165 | D:7      | Found a deep blue altar of Sif Muna.
  6168 | D:7      | Found a burning altar of Makhleb.
  6174 | D:7      | Reached skill level 5 in Fighting
  6174 | D:7      | Reached XP level 9. HP: 50/88 MP: 11/11
  6398 | D:8      | Reached skill level 9 in Unarmed Combat
  6438 | D:8      | HP: 4/88 [killer bee (1)]
  6438 | D:8      | Reached skill level 5 in Invocations
  6439 | D:8      | Slain by a killer bee

Action                   |  1- 3 |  4- 6 |  7- 9 || total
-------------------------+-------+-------+-------++-------
Melee: Unarmed           |    79 |   111 |   264 ||   454
Invok: Upheaval          |       |       |     2 ||     2
  Use: Potion            |       |     3 |     8 ||    11
 Stab: Sleeping          |     1 |     9 |     4 ||    14
  Eat: Chunk             |     7 |    13 |    24 ||    44
       Bread ration      |     1 |       |       ||     1
       Pizza             |     1 |       |       ||     1
       Meat ration       |       |     1 |     1 ||     2
       Beef jerky        |       |     1 |       ||     1
       Royal jelly       |       |       |     1 ||     1
